 Dungeon Crawl Stone Soup version 0.27-a0-1193-g8631133539 (webtiles) character file.

Game seed: 8613609753526342299

381 bande the Covered (level 6, -8/38 HPs)
             Began as a Gargoyle Fighter on May 26, 2021.
             Mangled by an ogre
             ... wielding a +0 giant club
              (16 damage)
             ... on level 3 of the Dungeon.
             The game lasted 00:06:46 (3970 turns).

bande the Covered (Gargoyle Fighter)                Turns: 3970, Time: 00:06:46

Health: -8/38      AC: 15    Str: 20    XL:     6   Next: 75%
Magic:  6/6        EV:  5    Int:  9    God:
Gold:   94         SH:  9    Dex: 10    Spells: 3/5 levels left

rFire    . . .     SeeInvis .   a - +0 war axe
rCold    . . .     Faith    .   c - +0 kite shield
rNeg     + + .     Spirit   .   l - +0 chain mail
rPois    ∞         Reflect  .   j - +0 helmet
rElec    +         Harm     .   (no cloak)
rCorr    .         Rampage  .   (no gloves)
Will     .....                  (no boots)
Stlth    ..........             (no amulet)
HPRegen  0.12/turn              g - ring of positive energy
MPRegen  0.10/turn              (no ring)

@: no status effects
A: sickness immunity, AC +4, negative energy resistance 1, electricity
resistance, torment resistance 1, petrification resistance
a: no special abilities


You were on level 3 of the Dungeon.
You visited 1 branch of the dungeon, and saw 3 of its levels.

You collected 94 gold pieces.

Inventory:

Hand Weapons
 a - a +0 war axe (weapon)
 k - a +0 flail
Armour
 c - a +0 kite shield (worn)
 j - a +0 helmet (worn)
 l - a +0 chain mail (worn)
Jewellery
 g - a ring of positive energy (left hand)
Wands
 i - a wand of iceblast (8)
Scrolls
 f - 3 scrolls of identify
Potions
 d - a potion of might
 e - a potion of haste
 h - a potion of heal wounds


   Skills:
 + Level 4.0 Fighting
 + Level 3.8 Axes
 + Level 4.4 Armour
 + Level 0.8 Dodging
 + Level 4.2 Shields
 * Level 1.6 Translocations
 * Level 1.6 Evocations


You had 3 spell levels left.
You knew the following spells:

 Your Spells              Type           Power      Damage    Failure   Level
a - Blink                 Tloc           N/A        N/A       100%        2

Your spell library contained the following spells:

 Spells                   Type           Power      Damage    Failure   Level
 Corona                   Hex            0%         N/A       100%        1
 Magic Dart               Conj           0%         1d3       100%        1
 Call Imp                 Summ           0%         N/A       100%        2
 Ensorcelled Hibernation  Hex/Ice        0%         N/A       100%        2
 Slow                     Hex            0%         N/A       100%        2
 Confusing Touch          Hex            0%         N/A       100%        3
 Conjure Flame            Conj/Fire      0%         6-21      100%        3
 Dazzling Flash           Conj/Hex       0%         N/A       100%        3
 Mephitic Cloud           Conj/Pois/Air  0%         N/A       100%        3
 Tukima's Dance           Hex            0%         N/A       100%        3


Dungeon Overview and Level Annotations

Branches:
Dungeon (3/15)

Altars:
Fedhas
Kikubaaqudgha
Qazlal
Ru


Innate Abilities, Weirdness & Mutations

You are immune to sickness and miasma.
Your stone body is resilient. (AC +4)
You are immune to poison.
You resist negative energy. (rN+)
You are resistant to electric shocks. (rElec)
You are resistant to unholy torment.
You are immune to petrification.


Message History

You kill Terence!
No target in view!
No target in view!
No target in view!
No target in view!
No target in view!
You start resting.
HP restored.
Things that are here:
a +4 short sword of venom; a +0 chain mail
l - a +0 chain mail You start removing your armour.
You continue taking off your +0 scale mail. x4
You finish taking off your +0 scale mail.
You start putting on your armour.
You continue putting on your +0 chain mail. x5
You finish putting on your +0 chain mail.
Drop what? 12/52 slots (_ for help) (? for menu, Esc to quit)
You drop a +0 scale mail.
Found a ring mail.
f - 3 scrolls of identify (gained 1)
Found 14 bolts and a glowing hand crossbow.
No target in view!
No target in view!
No target in view!
No target in view!
Found a stone staircase leading down.
There is a stone staircase leading down here.
An ogre comes into view. It is wielding a +0 giant club.
You slash the ogre!
The ogre is moderately wounded.
The ogre hits you with a +0 giant club!
You slash the ogre!
The ogre is severely wounded.
The ogre hits you with a +0 giant club!
* * * LOW HITPOINT WARNING * * *
You completely miss the ogre.
The ogre is severely wounded.
The ogre hits you with a +0 giant club!
You die...

..## ...#
#..# # ..#
## ... ##.
#.#
########.#
#O#
#........#
#@#
#.######.#
#.#######.#
##.
#.........#
##
###########
#


You could see an ogre.

Vanquished Creatures
  Grinder (D:3)
  An orc priest (D:3)
  Terence (D:3)
  An orc wizard (D:3)
  2 adders (D:2)
  A dart slug (D:2)
  3 worms
  5 orcs
  6 endoplasms
  4 giant cockroaches
  8 goblins
  5 hobgoblins
  4 jackals
  6 kobolds
  2 quokkas (D:1)
  7 ball pythons
  5 bats
  4 frilled lizards
  5 rats
71 creatures vanquished.

Vanquished Creatures (others)
  3 withered plants (D:1)
3 creatures vanquished.

Grand Total: 74 creatures vanquished

Notes
Turn   | Place    | Note
-------+----------+-------------------------------------------
     0 | D:1      | bande the Gargoyle Fighter began the quest for the Orb.
     0 | D:1      | Reached XP level 1. HP: 14/14 MP: 1/1
   416 | D:1      | Reached XP level 2. HP: 18/19 MP: 2/2
   948 | D:1      | Reached XP level 3. HP: 22/23 MP: 3/3
   991 | D:1      | Found a faded altar of an unknown god.
  1757 | D:2      | Learned a level 2 spell: Blink
  1919 | D:2      | Reached XP level 4. HP: 28/28 MP: 4/4
  2396 | D:2      | Found a stormy altar of Qazlal.
  3193 | D:3      | Found an ancient bone altar of Kikubaaqudgha.
  3194 | D:3      | Found a blossoming altar of Fedhas.
  3413 | D:3      | Noticed Grinder
  3418 | D:3      | Reached XP level 5. HP: 32/33 MP: 5/5
  3421 | D:3      | Paralysed by Grinder for 5 turns
  3436 | D:3      | Killed Grinder
  3437 | D:3      | Reached skill level 1 in Translocations
  3437 | D:3      | Reached skill level 1 in Evocations
  3437 | D:3      | Reached XP level 6. HP: 15/38 MP: 6/6
  3641 | D:3      | Found a sacrificial altar of Ru.
  3655 | D:3      | Noticed Terence
  3667 | D:3      | Killed Terence
  3970 | D:3      | Mangled by an ogre

Illustrated notes

Levels and vault maps discovered:
D:1:      lemuel_arrival_room, layout_loops_corners,
          ebering_ecumenical_altar_petrified
D:2:      layout_basic, basic_altar
D:3:      layout_loops_ring, grunt_temple_overflow_growth_and_decay,
          lemuel_doored_altar, supply_closet_lemuel, uniq_grinder, uniq_terence

Skill      XL: |  1  2  3  4  5 |
---------------+----------------+-----
Axes           | 2 3 |  3.8
Armour         | 4 |  4.4
Shields        | 4 |  4.2
Fighting       | 4 |  4.0
Translocations | 1 |  1.6
Evocations     | 1 |  1.6
Dodging        | |  0.8

Action                   |  1- 3 |  4- 6 || total
-------------------------+-------+-------++-------
Melee: War axe           |   114 |   125 ||   239
  Use: Potion            |     1 |       ||     1
       Scroll            |     2 |     3 ||     5
Armor: Scale mail        |    54 |    62 ||   116
Dodge: Dodged            |    24 |    49 ||    73
Block: Kite shield       |    55 |    65 ||   120

Table legend: (Time is in decaauts)
 A = Elapsed time spent in this place.
 B = Non-inter-level travel time spent in this place.
 C = Inter-level travel time spent in this place.
 D = Time resting spent in this place.
 E = Time spent auto-exploring this place.
 F = Levels seen in this place.
 G = Mean time per level.
                   A        B        C        D        E       F      G
               +--------+--------+--------+--------+--------+-----+--------+
         Total |   4098 |   3921 |    177 |   1132 |   2033 |   3 | 1366.0 |
       Dungeon |   4098 |   3921 |    177 |   1132 |   2033 |   3 | 1366.0 |
               +--------+--------+--------+--------+--------+-----+--------+

Top non-repeatable levels by time:
     D:1: 1593 daAuts
     D:2: 1540 daAuts
     D:3: 965 daAuts
